 Dungeon Crawl Stone Soup version 0.25-a0-1024-gbfbf38f2cb (webtiles) character file.

Game seed: 8716728229457079521, levelgen mode: deterministic

114 Flugslaktarn the Skirmisher (level 4, -3/43 HPs)
             Began as a Naga Fighter on May 12, 2020.
             Slain by a gnoll
             ... wielding a +0 flail
              (7 damage)
             ... on level 3 of the Dungeon.
             The game lasted 00:01:06 (2227 turns).

Flugslaktarn the Skirmisher (Naga Fighter)          Turns: 2227, Time: 00:01:07

Health: -3/43      AC:  5    Str: 18    XL:     4   Next: 98%
Magic:  4/4        EV:  5    Int:  9    God:
Gold:   56         SH:  9    Dex: 11    Spells: 3/3 levels left

rFire    . . .     SeeInvis +   g - +2 short sword (venom)
rCold    . . .     Gourm    .   c - +0 kite shield
rNeg     . . .     Faith    .   b - +0 scale mail
rPois    +         Spirit   .   (no helmet)
rElec    .         Reflect  .   (no cloak)
rCorr    .         Harm     .   (no gloves)
MR       .....                  (no barding)
Stlth    ..........             (no amulet)
HPRegen  0.14/turn              (no ring)
MPRegen  0.09/turn              (no ring)

@: mighty, very slow
A: large, see invisible, deformed body, poison resistance, slowness 2, slow
metabolism 1, spit poison 1, AC +1
a: Spit Poison


You were on level 3 of the Dungeon.
You were not hungry.

You visited 1 branch of the dungeon, and saw 3 of its levels.

You collected 56 gold pieces.

Inventory:

Hand Weapons
 a - a +0 war axe
 g - a +2 short sword of venom (weapon)
   (You took it off a kobold on level 1 of the Dungeon)
Armour
 b - a +0 scale mail (worn)
 c - a +0 kite shield (worn)
Jewellery
 l - a cursed +4 ring of slaying {unknown}
   (You found it on level 2 of the Dungeon)
Scrolls
 f - a scroll of fog {unknown}
 i - a scroll of amnesia {unknown}
 j - a scroll of enchant weapon {unknown}
 m - 2 scrolls of identify {unknown}
 n - 2 scrolls of enchant armour {unknown}
Potions
 o - a potion of brilliance {unknown}
 q - a potion of curing
Comestibles
 e - 2 rations
 h - 2 chunks of flesh


   Skills:
 + Level 3.6 Fighting
 * Level 3.4 Axes
 + Level 2.9 Armour
 + Level 3.0 Shields


You had 3 spell levels left.
You didn't know any spells.
Your spell library was empty.

Dungeon Overview and Level Annotations

Branches:
Dungeon (3/15)

Altars:
The Shining One


Innate Abilities, Weirdness & Mutations

You cannot wear boots.
Your serpentine skin is tough. (AC +1)
You have supernaturally acute eyesight. (SInv)
Armour fits poorly on your strangely shaped body.
Your system is resistant to poisons. (rPois)
You cover ground very slowly.
You have a slow metabolism.
You can spit poison.


Message History

You hit the gnoll.
The gnoll is moderately wounded.
You block the gnoll's attack. The gnoll hits you with a +0 halberd.
You puncture the gnoll!
You kill the gnoll!
The gnoll barely misses you.
You hit the gnoll.
The gnoll is moderately wounded.
The gnoll hits you with a +0 club. You block the gnoll's attack.
You puncture the gnoll!
You kill the gnoll!
Your Shields skill increases to level 3!
You block the gnoll's attack.
You barely miss the gnoll. The gnoll barely misses you.
The gnoll hits you from afar with a +0 halberd!
* * * LOW HITPOINT WARNING * * *
You puncture the gnoll!
The gnoll is poisoned.
The gnoll is severely wounded.
The gnoll hits you with a +0 flail!
You die...

## .# ..# ##### ...#.
...# #####.....
##.###.........
#..รท@g$........
.##.###..###g........
.........# ###.#.....
....####.# .# ..#. ##
###.# .# # #...# .#
#.#######.#
#.......#..
#.#####.###


You could see 2 gnolls.

Vanquished Creatures
  2 gnolls (D:3)
  3 adders
  2 dart slugs
  A leopard gecko (D:1)
  3 orcs (D:2)
  3 ball pythons
  5 giant cockroaches (D:2)
  6 hobgoblins
  5 bats
  5 frilled lizards
  9 goblins
  10 kobolds
  5 rats
59 creatures vanquished.

Notes
Turn   | Place    | Note
-------+----------+-------------------------------------------
     0 | D:1      | Flugslaktarn the Naga Fighter began the quest for the Orb.
     0 | D:1      | Reached XP level 1. HP: 21/21 MP: 1/1
   346 | D:1      | Reached XP level 2. HP: 28/28 MP: 2/2
  1063 | D:2      | Reached XP level 3. HP: 26/34 MP: 3/3
  1499 | D:2      | Reached XP level 4. HP: 42/42 MP: 4/4
  1666 | D:2      | Found a glowing golden altar of the Shining One.
  2227 | D:3      | Slain by a gnoll

Illustrated notes

Levels and vault maps discovered:
D:1:      nagdon_arrival_double_spiral, layout_basic,
          chequers_serial_rivers_micro_c
D:2:      minmay_evil_eye, layout_loops_ring, lemuel_doored_altar
D:3:      layout_loops_cross, elyvilon_altar_3, lemuel_crystal_altar,
          nicolae_dithmenos_shadow_blocks, uniq_sigmund

Skill      XL: |  1  2  3  4 |
---------------+-------------+-----
Axes           | 3 |  3.4
Shields        | 3 |  3.0
Fighting       | |  3.6
Armour         | |  2.9

Action                   |  1- 3 |  4- 6 || total
-------------------------+-------+-------++-------
Melee: War axe           |    10 |       ||    10
       Short sword       |    94 |    76 ||   170
 Abil: Spit Poison       |       |     1 ||     1
  Use: Potion            |       |     2 ||     2
  Eat: Chunk             |     1 |     2 ||     3
Armor: Scale mail        |    43 |    46 ||    89
Dodge: Dodged            |    32 |    20 ||    52
Block: Kite shield       |    50 |    39 ||    89

Table legend:
 A = Non-vault XP
 B = Vault XP
 C = Vault XP percentage of total XP
 D = Non-vault monster count
 E = Vault monster count
 F = Vault count percentage of total count
                 A         B        C        D         E       F
            +---------+---------+-------+---------+---------+-------
      Total |     157 |       7 |   4.3 |      55 |       4 |   6.8
            +---------+---------+-------+---------+---------+-------
        D:1 |      29 |       0 |   0.0 |      17 |       0 |   0.0
        D:2 |      86 |       7 |   7.5 |      34 |       4 |  10.5
        D:3 |      42 |       0 |   0.0 |       4 |       0 |   0.0
            +---------+---------+-------+---------+---------+-------
